 Dungeon Crawl Stone Soup version 0.31-a0-765-g67fe2935dc (webtiles) character file.

Game seed: 14402372099862943511

70755 rddays123 the Warrior (level 14, -4/141 HPs)
             Began as a Minotaur Fighter on Sept 15, 2023.
             Was the Champion of Okawaru.
             Slain by an ettin
             ... wielding a +0 dire flail
              (28 damage)
             ... on level 1 of the Orcish Mines.
             The game lasted 01:00:35 (20992 turns).

rddays123 the Warrior (Minotaur Fighter)           Turns: 20992, Time: 01:00:35

Health: -4/141     AC: 29    Str: 27    XL:     14   Next: 95%
Magic:  20/20      EV: 10    Int:  5    God:    Okawaru [******]
Gold:   1808       SH: 12    Dex:  9    Spells: 13/13 levels left

rFire   . . .        a - +7 demon whip (vamp)
rCold   . . .        S - +2 kite shield
rNeg    . . .        g - +0 plate armour
rPois   +            k - +1 hat
rElec   +            G - +0 cloak
rCorr   .            y - +1 pair of gloves of Okawaru's Regard {Fly rElec}
SInv    .            W - +2 pair of boots {Stlth+}
Will    +....        (no amulet) Stlth
                     n - +4 ring of protection
HPRegen 0.43/turn    Z - ring of poison resistance
MPRegen 0.17/turn

%: no passive effects
@: flying
A: horns 2, retaliatory headbutt
a: Renounce Religion, Heroism, Finesse, Duel


You were on level 1 of the Orcish Mines.
You worshipped Okawaru.
Okawaru was exalted by your worship.
You visited 4 branches of the dungeon, and saw 22 of its levels.
You also visited: Sewer.

You collected 1808 gold pieces.

Inventory:

Hand Weapons
 a - a +7 vampiric demon whip (weapon)
 l - the +8 hammer of Evolution {flame, rElec rPois rCorr Int-2}
   (You found it on level 2 of the Dungeon)

   Int-2:     It affects your intelligence (-2).
   rElec:     It insulates you from electricity.
   rPois:     It protects you from poison rCorr: It protects you from acid and
   corrosion.
 r - a +0 war axe
 X - a +0 heavy morningstar
Missiles
 T - 2 throwing nets
Armour
 g - a +0 plate armour (worn)
 k - a +1 hat (worn)
 y - the +1 pair of gloves of Okawaru's Regard (worn) {Fly rElec}
   (Okawaru gifted it to you on level 14 of the Dungeon)

   rElec:     It insulates you from electricity.
   Fly:       It grants you flight.
 G - a +0 cloak (worn)
 S - a +2 kite shield (worn)
 W - a +2 pair of boots of stealth (worn)
Jewellery
 m - a ring of ice
 n - a +4 ring of protection (left hand)
 u - a +6 ring of intelligence
 z - an amulet of magic regeneration
 K - a ring of protection from fire
 P - a ring of protection from cold
 Q - a ring of positive energy
 V - a ring of fire
 Z - a ring of poison resistance (right hand)
Wands
 h - a wand of mindburst (8)
 A - a wand of polymorph (2)
 H - a wand of digging (6)
 L - a wand of roots (11)
 Y - a wand of flame (12)
Scrolls
 c - a scroll of torment
 d - 9 scrolls of teleportation
 e - a scroll of poison
 j - a scroll of summoning
 q - a scroll of brand weapon
 s - 3 scrolls of amnesia
 t - 3 scrolls of fear
 w - 2 scrolls of blinking
 C - 2 scrolls of revelation {unknown}
 D - a scroll of immolation {unknown}
 E - 4 scrolls of fog
 I - a scroll of acquirement {unknown}
 U - a scroll of silence
Potions
 b - 4 potions of mutation
 f - 8 potions of curing
 i - 4 potions of magic
 o - 2 potions of enlightenment
 p - 3 potions of invisibility
 v - 2 potions of berserk rage
 x - 6 potions of haste
 B - 2 potions of ambrosia
 F - 2 potions of cancellation
 J - a potion of might
 M - 3 potions of heal wounds
 N - a potion of resistance
 O - 3 potions of lignification
 R - a potion of brilliance {unknown}


   Skills:
 + Level 17.7 Fighting
 - Level 4.8(8.9) Axes
 - Level 11.5(12.0) Maces & Flails
 + Level 14.3 Armour
 + Level 11.2 Dodging
 - Level 10.5 Shields
 - Level 10.2 Invocations


You had 13 spell levels left.
You didn't know any spells.
Your spell library contained the following spells:

 Spells                   Type           Power      Damage    Failure   Level
 Apportation              Tloc           0%         N/A       99%         1
 Kiss of Death            Conj/Necr      0%         2d5       99%         1
 Magic Dart               Conj           0%         1d3       99%         1
 Ensorcelled Hibernation  Hex/Ice        0%         N/A       100%        2
 Jinxbite                 Hex            0%         N/A       100%        2
 Passwall                 Tmut/Erth      0%         N/A       100%        2
 Searing Ray              Conj           0%         2d4       100%        2
 Sublimation of Blood     Necr           0%         N/A       100%        2
 Dazzling Flash           Conj/Hex       0%         N/A       100%        3
 Ignite Poison            Fire/Tmut/Pois 0%         N/A       100%        3
 Ozocubu's Armour         Ice            0%         N/A       100%        3
 Swiftness                Air            0%         N/A       100%        3
 Volatile Blastmotes      Fire/Tloc      0%         2d10      100%        3
 Fulminant Prism          Conj/Hex       0%         3d5       100%        4
 Sticky Flame             Conj/Fire      0%         2d3       100%        4
 Alistair's Intoxication  Tmut/Pois      0%         N/A       100%        5
 Lee's Rapid Deconstruct  Erth           0%         3d4*      100%        5
 Starburst                Conj/Fire      0%         6d3       100%        6
 Ozocubu's Refrigeration  Ice            0%         4d7       100%        7
 Ignition                 Fire           0%         3d3       100%        8
 Maxwell's Capacitive Co  Air            0%         ∞         100%        8
 Animate Armour           Summ/Erth      Unusable   N/A       N/A         4
 Summon Lightning Spire   Summ/Air       Unusable   N/A       N/A         4
 Haunt                    Necr/Summ      Unusable   N/A       N/A         7

Dungeon Overview and Level Annotations

Branches:
Dungeon (14/15)            Temple (1/1) D:5            Lair (5/5) D:8
 Shoals (0/4) Lair:2        Snake (0/4) Lair:2        Slime (0/5) Lair:5
    Orc (2/2) D:10         Vaults (0/5) D:14          Sewer (visited)
    Elf: Orc:2

Altars:
Ashenzari
Cheibriados
Dithmenos
Elyvilon
Fedhas
Gozag
Hepliaklqana
Kikubaaqudgha
Makhleb
Nemelex Xobeh
Okawaru
Qazlal
Ru
Sif Muna
Trog
Uskayaw
Vehumet
Wu Jian
Xom
Yredelemnul
Zin
The Shining One
Jiyva

Shops:
D:12 (   D:14 (   Orc:1 *(

Annotations:
D:13 4 transporters


Innate Abilities, Weirdness & Mutations

You have a pair of horns on your head.
You reflexively headbutt those who attack you in melee.


Message History

The orc throws a boomerang.
The boomerang closely misses you.
There is a stone staircase leading up here.
The orc hits you but does no damage. The orc completely misses you.
The orc sings a few bars from the Orcish anthem.
You block the orc's attack. You block the orc's attack.
The ettin hits you with a +0 dire flail!!
You block the ettin's attack.
You fly upwards.
There is a stone staircase leading down here.
You hit the ettin.
You feel better.
The ettin is lightly wounded.
The ettin hits you with a +0 dire flail! x2
You hit the ettin.
You feel better.
The ettin is lightly wounded.
You whack the ettin!
You feel better.
You headbutt the ettin.
The ettin is moderately wounded.
The ettin hits you with a +0 dire flail!!
You block the ettin's attack.
You thrash the ettin!!
You headbutt the ettin, but do no damage.
The ettin is severely wounded.
You block the ettin's attack.
The ettin hits you with a +0 dire flail!!!
* * * LOW HITPOINT WARNING * * *
You are too injured to fight recklessly!
You are too injured to fight recklessly!
You hit the ettin.
You feel better.
The ettin is severely wounded.
You feel much better.
The ettin hits you with a +0 dire flail!!!
* * * LOW HITPOINT WARNING * * *
The ettin closely misses you.
You whack the ettin!
You headbutt the ettin, but do no damage.
The ettin is almost dead.
The ettin closely misses you.
The ettin hits you with a +0 dire flail!!
You die...

###### ###########
##.#..###..#.#.#..##
#..................##
##..................##
##........C#........#
##.......@........##
#..............###
##.......#.......## #
##.##..............# ###
#..................# ..##
#...#.........#...##
...######..#.............#
...#..###............#..##
........#................##


You could see an ettin.

Vanquished Creatures
  Snorg (D:10)
  Fannar (Lair:3)
  5 hydras
  An ogre mage (D:14)
  A death knight (D:13)
  4 centaur warriors
  A merfolk avatar (Lair:5)
  3 boulder beetles
  A death yak (Lair:5)
  9 two-headed ogres
  2 tengu warriors (D:14)
  Urug (D:12)
  3 skysharks
  A fire crab (D:8)
  A sea snake (Lair:5)
  Pikel (D:4)
  An orc knight (Orc:2)
  A phantasmal warrior (D:13)
  3 manticores
  4 cyclopes
  2 necromancers (D:14)
  An ugly thing (D:10)
  3 black mambas
  4 elephants (Lair:5)
  Joseph (D:10)
  A torpor snail (Lair:5)
  Psyche (D:12)
  15 cane toads
  2 unseen horrors (D:12)
  3 kobold demonologists
  6 rime drakes
  8 komodo dragons
  A yaktaur (D:14)
  A freezing wraith (D:13)
  A tengu conjurer (D:14)
  9 trolls
  2 hornets
  4 polar bears
  A hornet (shapeshifter) (D:13)
  A wind drake (Lair:5)
  Grinder (D:5)
  11 dream sheep
  20 blink frogs
  3 snapping turtles (Lair:5)
  9 slime creatures
  3 shadows
  5 wraiths
  7 wyverns
  51 yaks
  A redback (shapeshifter) (D:10)
  2 steam dragons
  4 vampire mosquitoes (D:13)
  2 wargs
  16 water moccasins
  An acid dragon (D:10)
  3 nagas (Lair:2)
  10 orc warriors
  A black bear (D:6)
  2 ogres
  12 wolves
  A phantom (D:5)
  A lemure (D:4)
  11 centaurs
  9 kobold brigands
  15 bullfrogs
  A gnoll sergeant (D:10)
  6 scorpions
  3 wights (D:8)
  11 killer bees
  10 electric eels
  10 howler monkeys
  5 jellies
  6 hounds
  10 orc priests
  Crazy Yiuf (D:2)
  2 sleepcaps
  Natasha (thrice) (D:2)
  2 iguanas
  10 orc wizards
  5 hell rats (Lair:4)
  A boggart simulacrum (D:13)
  Robin (D:2)
  15 adders
  11 gnolls
  5 river rats
  2 shadow imps
  A white imp (D:8)
  4 worms
  3 dart slugs
  46 orcs
  19 ball pythons
  10 bats
  8 endoplasms
  9 giant cockroaches
  19 goblins
  8 hobgoblins
  7 jackals
  23 kobolds
  6 quokkas
  5 frilled lizards
  7 rats
608 creatures vanquished.

Vanquished Creatures (others)
  A blink frog (Lair:5)
  A jelly (Lair:5)
2 creatures vanquished.

Grand Total: 610 creatures vanquished

Notes
Turn   | Place    | Note
-------+----------+-------------------------------------------
     0 | D:1      | rddays123 the Minotaur Fighter began the quest for the Orb.
     0 | D:1      | Reached XP level 1. HP: 19/19 MP: 0/0
    93 | D:1      | Reached XP level 2. HP: 27/27 MP: 1/1
   406 | D:1      | Reached skill level 4 in Fighting
   471 | D:1      | Found a faded altar of an unknown god.
   499 | D:1      | Reached XP level 3. HP: 33/33 MP: 2/2
   946 | D:2      | Noticed Robin
   958 | D:2      | Killed Robin
   959 | D:2      | Reached XP level 4. HP: 28/41 MP: 3/3
  1258 | D:2      | Noticed Natasha
  1269 | D:2      | Killed Natasha
  1334 | D:2      | Noticed Natasha
  1335 | D:2      | Reached XP level 5. HP: 47/47 MP: 4/4
  1342 | D:2      | Killed Natasha
  1348 | D:2      | Reached skill level 5 in Fighting
  1667 | D:2      | Found a runed translucent door.
  1671 | D:2      | Noticed Crazy Yiuf
  1673 | D:2      | Identified the +8 hammer of Evolution {flame, rElec rPois
                  | rCorr Int-2}
  1705 | D:2      | Killed Crazy Yiuf
  1706 | D:2      | Reached skill level 5 in Armour
  1706 | D:2      | Reached skill level 5 in Shields
  1831 | D:2      | Noticed Natasha
  1836 | D:2      | Killed Natasha
  1837 | D:2      | Reached XP level 6. HP: 51/56 MP: 5/5
  2139 | D:3      | Reached skill level 1 in Maces & Flails
  2749 | D:4      | Found a glowing drain.
  2757 | Sewer    | Entered a sewer
  3018 | Sewer    | Reached XP level 7. HP: 62/62 MP: 6/6
  3495 | D:4      | Noticed Pikel
  3511 | D:4      | Killed Pikel
  3512 | D:4      | Reached skill level 6 in Fighting
  3512 | D:4      | Reached XP level 8. HP: 36/71 MP: 7/7
  3667 | D:4      | You fall into a shaft and drop 3 floors!
  3836 | D:7      | Reached skill level 7 in Fighting
  4109 | D:5      | Entered Level 5 of the Dungeon
  4116 | D:5      | Found a staircase to the Ecumenical Temple.
  4279 | D:4      | Found a glowing golden altar of the Shining One.
  4349 | D:4      | Found a shimmering altar of Xom.
  4379 | D:4      | Reached skill level 5 in Maces & Flails
  4768 | D:5      | Found a sacrificial altar of Ru.
  4814 | D:5      | Noticed Grinder
  4817 | D:5      | Killed Grinder
  5028 | D:5      | Reached skill level 8 in Fighting
  5028 | D:5      | Reached XP level 9. HP: 81/81 MP: 8/8
  5531 | D:6      | Noticed a troll
  5536 | D:6      | Killed a troll
  5537 | D:6      | Reached skill level 9 in Fighting
  5647 | D:6      | Noticed a two-headed ogre
  5655 | D:6      | Killed a two-headed ogre
  5760 | D:6      | Found a sparkling altar of Nemelex Xobeh.
  5760 | D:6      | Found a bloodstained altar of Trog.
  5775 | D:6      | Found a hide-covered altar of Uskayaw.
  5792 | D:6      | Found an ornate altar of the Wu Jian Council.
  6020 | Temple   | Entered the Ecumenical Temple
  6036 | Temple   | Became a worshipper of Warmaster Okawaru
  6208 | D:7      | Reached XP level 10. HP: 93/93 MP: 9/9
  6282 | D:7      | Reached skill level 10 in Fighting
  6831 | D:8      | Reached skill level 1 in Invocations
  6832 | D:8      | Reached skill level 10 in Armour
  6948 | D:8      | Found a basalt altar of Yredelemnul.
  6957 | D:8      | Noticed a fire crab
  6959 | D:8      | Found a staircase to the Lair.
  6998 | D:8      | Killed a fire crab
  6998 | D:8      | Reached * piety under Okawaru
  7392 | D:8      | Reached ** piety under Okawaru
  7783 | D:9      | Reached skill level 11 in Fighting
  7905 | D:9      | Reached *** piety under Okawaru
  8057 | D:9      | Reached XP level 11. HP: 101/102 MP: 13/13
  8348 | D:9      | Found a hazy altar of Hepliaklqana.
  8626 | D:10     | Entered Level 10 of the Dungeon
  8708 | D:10     | Found the +8 trident of the Octopus King {venom, rElec
                  | rPois}
  8732 | D:10     | Noticed a brown ugly thing
  8754 | D:10     | Reached skill level 10 in Maces & Flails
  8765 | D:10     | Reached **** piety under Okawaru
  8819 | D:10     | Reached skill level 5 in Invocations
  8835 | D:10     | Noticed a two-headed ogre
  8843 | D:10     | Killed a two-headed ogre
  9019 | D:10     | Noticed Snorg
  9026 | D:10     | Killed Snorg
  9026 | D:10     | Reached ***** piety under Okawaru
  9027 | D:10     | Reached skill level 12 in Fighting
  9141 | D:10     | Noticed Joseph
  9150 | D:10     | Killed Joseph
  9526 | D:10     | Killed a brown ugly thing
  9753 | D:10     | Found a staircase to the Orcish Mines.
 10004 | D:11     | Identified the +1 scale mail of Teykoguk {Str+4 Int+3}
 10021 | D:11     | Noticed a boulder beetle
 10047 | D:11     | Killed a boulder beetle
 10048 | D:11     | Reached XP level 12. HP: 55/113 MP: 9/16
 10239 | D:11     | Received a gift from Okawaru
 10322 | D:11     | Noticed a two-headed ogre
 10341 | D:11     | Killed a two-headed ogre
 10694 | D:11     | Noticed a two-headed ogre
 10705 | D:11     | Killed a two-headed ogre
 10706 | D:11     | Reached skill level 13 in Fighting
 10706 | D:11     | Reached skill level 10 in Shields
 11238 | D:12     | Noticed a boulder beetle
 11269 | D:12     | Killed a boulder beetle
 11404 | D:12     | Found Yhiohorr's Weapon Boutique.
 11529 | D:12     | Noticed Psyche
 11553 | D:12     | Reached skill level 1 in Dodging
 11572 | D:12     | Killed Psyche
 11684 | D:12     | Noticed Urug
 11694 | D:12     | Killed Urug
 12171 | D:13     | Noticed an entropy weaver
 12182 | D:13     | an entropy weaver changed into a hornet
 12199 | D:13     | Noticed a centaur warrior
 12211 | D:13     | Killed a centaur warrior
 12212 | D:13     | Reached skill level 14 in Fighting
 12280 | D:13     | Noticed a centaur warrior
 12294 | D:13     | Killed a centaur warrior
 12299 | D:13     | Found a transporter.
 12312 | D:13     | Found a transporter.
 12329 | D:13     | Found a transporter.
 12380 | D:13     | Found a transporter.
 12810 | D:14     | Noticed an ogre mage
 12810 | D:14     | Noticed a two-headed ogre
 12820 | D:14     | Noticed a two-headed ogre
 12821 | D:14     | Noticed a two-headed ogre
 12829 | D:14     | Killed a two-headed ogre
 12844 | D:14     | Killed an ogre mage
 12847 | D:14     | Killed a two-headed ogre
 12847 | D:14     | Received a gift from Okawaru
 12852 | D:14     | Killed a two-headed ogre
 12853 | D:14     | Reached skill level 5 in Dodging
 12853 | D:14     | Reached XP level 13. HP: 125/125 MP: 18/18
 12893 | D:13     | Reached ****** piety under Okawaru
 13212 | D:14     | Reached skill level 15 in Fighting
 13348 | D:14     | Identified the +1 pair of gloves of Okawaru's Regard {Fly
                  | rElec} (Okawaru gifted it to you on level 14 of the
                  | Dungeon)
 13348 | D:14     | Received a gift from Okawaru
 13459 | D:14     | Found Punithe's Antique Weapon Shop.
 13609 | D:14     | Reached skill level 10 in Invocations
 13887 | D:14     | Found a gate to the Vaults.
 14381 | Lair:1   | Entered Level 1 of the Lair of Beasts
 15113 | Lair:1   | Identified the +2 morningstar of the Gnashing Queen
                  | {freeze, rC+ Int-3 Dex+4}
 15510 | Lair:2   | Found a radiant altar of Vehumet.
 15610 | Lair:2   | Reached skill level 16 in Fighting
 15615 | Lair:2   | Found a staircase to the Shoals.
 15676 | Lair:2   | Identified the +5 ring mail of the Eternal Fruit {rC+ rN+
                  | Int+4} (Okawaru gifted it to you on level 2 of the Lair of
                  | Beasts)
 15676 | Lair:2   | Received a gift from Okawaru
 15788 | Lair:2   | You are sucked into a shaft and drop 2 floors!
 16152 | Lair:2   | Found a staircase to the Snake Pit.
 16587 | Lair:3   | Got the Almanac of Zombies and the Bane
 16620 | Lair:3   | Noticed Fannar
 16636 | Lair:3   | Killed Fannar
 16637 | Lair:3   | Reached XP level 14. HP: 119/137 MP: 14/20
 18389 | Lair:5   | Entered Level 5 of the Lair of Beasts
 18999 | Lair:5   | Reached skill level 10 in Dodging
 19024 | Lair:5   | Reached skill level 17 in Fighting
 19061 | Lair:5   | Found a staircase to the Slime Pits.
 19061 | Lair:5   | Found a viscous altar of Jiyva.
 19151 | Lair:5   | Identified the scarf of the Shoals {shadows, Harm +Blink
                  | rCorr Stlth-} (Okawaru gifted it to you on level 5 of the
                  | Lair of Beasts)
 19151 | Lair:5   | Received a gift from Okawaru
 19974 | Lair:5   | Identified the +6 trident of Guiluots {venom, Will++ rCorr
                  | Dex-2 Stlth+}
 20404 | Orc:1    | Entered Level 1 of the Orcish Mines
 20415 | Orc:1    | Found Vuafen's Assorted Antiques.
 20488 | Orc:1    | Found Erism's Weapon Emporium.
 20598 | Orc:2    | Entered Level 2 of the Orcish Mines
 20992 | Orc:1    | Slain by an ettin

Illustrated notes

Levels and vault maps discovered:
D:1:      lemuel_arrival_hallway, layout_basic,
          shapermc_ecumenical_altar_totnotflames
D:2:      layout_loops_cross, uniq_crazy_yiuf_cottage, uniq_robin, uniq_natasha
D:3:      layout_basic, dreamdust_princess_bridge, kennysheep_generic_room_4
D:4:      layout_rooms, general_overflow_altar, lemuel_coloured_pillars_altar,
          portal_sewer_entry_e, uniq_pikel
D:5:      layout_loops_ring, nicolae_ru_sacrificial_ziggurat, temple_pool_b,
          uniq_grinder
D:6:      wad_guarded_room, layout_basic, nicolae_overflow_macrodata_refinement
D:7:      layout_gridville, serial_glass, glass_columns_a, glass_columns_c
D:8:      layout_basic, yredelemnul_altar_generic, minmay_lair_entry_lava
D:9:      layout_irregular_city, mainiacjoe_overflow_boulevard
D:10:     layout_roguey, erik_orc_2, nicolae_doodle_vault, uniq_joseph,
          uniq_snorg
D:11:     layout_irregular_city
D:12:     layout_basic, serial_shops, nicolae_shop_real_fake_doors,
          chequers_serial_rivers_room_a, uniq_urug, uniq_psyche
D:13:     layout_grid_maze, nicolae_transporter_circle
D:14:     layout_gridville, david_vaults_1, grunt_decor_junction, serial_shops,
          shop, grunt_gozag_statues
Temple:   oiseaux_autumnal_temple
Lair:1:   layout_regular_city, serial_bayou, serial_bayou_ford_a,
          serial_bayou_pond_c, serial_bayou_pond_a, serial_bayou_lake_a,
          serial_bayou_pond_a, grunt_forest_small_clearing_treed
Lair:2:   layout_regular_city, shoals_dummy_entry, nicolae_snake_entry_squirm,
          basic_altar, infiniplex_staircase_pool, grunt_megastairs_2
Lair:3:   layout_layer_cave, serial_bayou_shore_b, lemuel_fruit_tree,
          uniq_fannar
Lair:4:   layout_roguey
Lair:5:   gammafunk_lair_ancient_temple, layout_regular_city,
          nicolae_slime_entry_slimehenge
Orc:1:    cheibrodos_orc_bank, layout_caves, serial_shops, shop_statue,
          nicolae_shop_bloodbath_and_beyond, nicolae_shop_vocational
Orc:2:    st_orc_pillars, layout_diamond_mine, basic_altar, mines2_david

Skill      XL: |  1  2  3  4  5  6  7  8  9 10 11 12 13 14 |
---------------+-------------------------------------------+-----
Shields        | 4 5 6 7 9 10 | 10.5
Fighting       | 4 5 6 8 9 11 12 14 16 17 | 17.7
Axes           | 3 4 |  4.8
Armour         | 4 5 6 7 9 11 12 14 | 14.3
Maces & Flails | 2 3 5 8 9 11 | 11.5
Invocations    | 4 6 9 10 | 10.2
Dodging        | 5 8 11 | 11.2

Action                     |  1- 3 |  4- 6 |  7- 9 | 10-12 | 13-15 || total
---------------------------+-------+-------+-------+-------+-------++-------
  Melee: War axe           |    71 |    45 |       |       |       ||   116
         Headbutt          |     8 |    22 |    26 |   138 |   243 ||   437
         Mace              |       |   119 |   188 |   359 |       ||   666
         Demon whip        |       |       |       |   274 |   998 ||  1272
 Invoke: Finesse           |       |       |       |     3 |     2 ||     5
         Heroism           |       |       |       |       |     2 ||     2
    Use: Potion            |       |     1 |     4 |     2 |     2 ||     9
         Scroll            |       |     2 |     5 |     2 |    19 ||    28
 Armour: Scale mail        |    13 |       |       |       |       ||    13
         Plate armour      |    40 |   140 |   150 |   488 |   527 ||  1345
  Dodge: Dodged            |    27 |    54 |    65 |   149 |   243 ||   538
  Block: Buckler           |    19 |    50 |    34 |    36 |       ||   139
         Kite shield       |       |       |       |   214 |   477 ||   691

Table legend: (Time is in decaauts)
 A = Elapsed time spent in this place.
 B = Non-inter-level travel time spent in this place.
 C = Inter-level travel time spent in this place.
 D = Time resting spent in this place.
 E = Time spent auto-exploring this place.
 F = Levels seen in this place.
 G = Mean time per level.
                   A        B        C        D        E       F      G
               +--------+--------+--------+--------+--------+-----+--------+
         Total |  20688 |  19848 |    840 |   2837 |  12486 |  23 |  899.5 |
       Dungeon |  13628 |  13003 |    625 |   2045 |   8170 |  14 |  973.4 |
        Temple |     32 |     32 |      0 |      0 |      0 |   1 |   32.0 |
          Lair |   5625 |   5417 |    208 |    635 |   3528 |   5 | 1125.0 |
  Orcish Mines |    572 |    566 |      6 |    157 |    352 |   2 |  286.0 |
         Sewer |    829 |    829 |      0 |      0 |    435 |   1 |  829.0 |
               +--------+--------+--------+--------+--------+-----+--------+

Top non-repeatable levels by time:
  Lair:5: 1508 daAuts
    D:10: 1393 daAuts
    D:14: 1298 daAuts
  Lair:4: 1119 daAuts
  Lair:3: 1050 daAuts
     D:2: 1048 daAuts
    D:12: 1037 daAuts
  Lair:2: 1036 daAuts
     D:9: 993 daAuts
     D:6: 959 daAuts
     D:8: 933 daAuts
  Lair:1: 910 daAuts
    D:13: 908 daAuts
     D:7: 900 daAuts
     D:1: 876 daAuts
